 Dungeon Crawl Stone Soup version 0.22-a0-284-g99d1f7439c (webtiles) character file.

24463 Pylon the Severer (level 12, -2/112 HPs)
             Began as a Deep Dwarf Fighter on Mar 22, 2018.
             Was a High Priest of Makhleb.
             Slain by a 20-headed hydra (3 damage)
             ... on level 5 of the Lair of Beasts.
             The game lasted 00:18:02 (9971 turns).

Pylon the Severer (Deep Dwarf Fighter)              Turns: 9971, Time: 00:18:02

Health: -2/112     AC: 23    Str: 18    XL:     12   Next: 80%
Magic:  9/9        EV: 12    Int: 11    God:    Makhleb [*****.]
Gold:   399        SH:  9    Dex: 12    Spells: 11/11 levels left

rFire    . . .     SeeInvis .   L - +5 war axe of Jicism {freeze, +Rage rN+ MR-}
rCold    + . .     Gourm    .   M - +3 warlock's mirror {reflect}
rNeg     + + .     Faith    .   R - +2 plate armour "Pasiwn Miest" {rPois rN+ MR++ Str-5}
rPois    +         Spirit   .   P - +1 helmet
rElec    .         Reflect  +   (no cloak)
rCorr    .         Harm     .   C - +0 pair of gloves
MR       ++...                  m - +2 pair of boots
Stlth    ..........             (no amulet)
HPRegen  0.00/turn              A - ring of protection from cold
MPRegen  0.11/turn              I - +4 ring of evasion

@: non-regenerating
A: damage resistance, heal wounds, sense surroundings 2, no regeneration
a: Heal Wounds, Minor Destruction, Lesser Servant of Makhleb, Major Destruction,
Greater Servant of Makhleb, Renounce Religion, Evoke Berserk Rage


You were on level 5 of the Lair of Beasts.
You worshipped Makhleb.
Makhleb was extremely pleased with you.
You were hungry.

You visited 3 branches of the dungeon, and saw 15 of its levels.
You also visited: Sewer.

You collected 1049 gold pieces.
You spent 650 gold pieces at shops.

Inventory:

Hand Weapons
 L - the +5 war axe of Jicism (weapon) {freeze, +Rage rN+ MR-}
   (You found it on level 7 of the Dungeon)

   It has been specially enchanted to freeze those struck by it, causing extra
   injury to most foes and up to half again as much damage against particularly
   susceptible opponents.
   It can also slow down cold-blooded creatures.
   It protects you from negative energy.
   It affects your resistance to hostile enchantments.
   It lets you go berserk.
Armour
 m - a +2 pair of boots (worn)
 C - a +0 pair of gloves (worn)
 M - the +3 warlock's mirror (worn) {reflect}
   (You found it on level 7 of the Dungeon)
 P - a +1 helmet (worn)
 R - the +2 plate armour "Pasiwn Miest" (worn) {rPois rN+ MR++ Str-5}
   (You bought it in a shop on level 8 of the Dungeon)

   It affects your strength (-5).
   It protects you from poison.
   It protects you from negative energy.
   It affects your resistance to hostile enchantments.
Jewellery
 a - a +2 ring of dexterity {unknown}
 c - an uncursed ring of magical power
 e - an uncursed amulet of the acrobat
 l - an uncursed ring of protection from magic
 q - a +4 ring of evasion
 x - an uncursed amulet of magic regeneration
 A - a ring of protection from cold (left hand)
 I - a +4 ring of evasion (right hand)
Wands
 r - a wand of flame (54)
 w - a wand of disintegration (22)
 y - a wand of random effects (24)
 T - a wand of enslavement (4)
Scrolls
 b - a scroll of identify
 i - 9 scrolls of remove curse
 k - 5 scrolls of fear
 o - 4 scrolls of blinking
 p - 7 scrolls of immolation
 s - 2 scrolls of enchant armour
 u - 4 scrolls of teleportation
 D - 3 scrolls of fog
 E - 2 scrolls of magic mapping
 H - 2 scrolls of amnesia
 O - 2 scrolls of vulnerability {unknown}
 Q - a scroll of noise {unknown}
 U - a scroll of acquirement {unknown}
 V - a scroll of random uselessness {unknown}
Potions
 d - 2 potions of might
 g - 2 potions of haste
 h - 4 potions of curing
 j - 6 potions of heal wounds
 n - 4 potions of flight
 t - 2 potions of agility
 v - a potion of degeneration {unknown}
 z - 2 potions of brilliance
 B - a potion of lignification {unknown}
 F - a potion of magic {unknown}
 G - 2 potions of resistance
 J - a potion of cancellation {unknown}
 N - a potion of ambrosia {unknown}
 W - a potion of invisibility {unknown}
Miscellaneous
 S - a crystal ball of energy
 Z - a lamp of fire
Comestibles
 f - 30 rations


   Skills:
 + Level 8.7 Fighting
 + Level 15.7 Axes
 + Level 10.1 Armour
 + Level 4.7 Dodging
 + Level 9.9 Shields
 - Level 2.1 Evocations


You had 11 spell levels left.
You didn't know any spells.

Dungeon Overview and Level Annotations

Branches:
Dungeon (9/15)             Temple (1/1) D:4            Lair (6/6) D:9
  Slime (0/5) Lair:6
  Swamp: Lair:2-4    Shoals: Lair:2-4     Snake: Lair:2-4    Spider: Lair:2-4
    Orc: D:9-12

Altars:
Dithmenos
Elyvilon
Fedhas
Gozag
Hepliaklqana
Kikubaaqudgha
Makhleb
Okawaru
Qazlal
Ru
Vehumet
Xom
Yredelemnul
Zin
The Shining One

Shops:
D:4 (((:   D:6 [   D:8 [


Innate Abilities, Weirdness & Mutations

You are resistant to damage.
You can heal yourself by infusing magical energy.
You passively map the area around you.
You do not regenerate.


Message History

The 19-headed hydra is almost dead.
Unknown command.
You hack one of the 19-headed hydra's heads off!
The 18-headed hydra grows two more!
You slash the 20-headed hydra!
The 20-headed hydra seems to slow down.
You freeze the 20-headed hydra.
The 20-headed hydra is almost dead.
The 20-headed hydra bites you!
* * * LOW HITPOINT WARNING * * *
The 20-headed hydra bites you but does no damage.
The 20-headed hydra closely misses you.
The 20-headed hydra bites you but does no damage. x4
You block the 20-headed hydra's attack.
The 20-headed hydra bites you but does no damage.
The 20-headed hydra closely misses you. The 20-headed hydra bites you!
* * * LOW HITPOINT WARNING * * *
You block the 20-headed hydra's attack. The 20-headed hydra closely misses you.
You block the 20-headed hydra's attack.
The 20-headed hydra bites you but does no damage. x2
The 20-headed hydra bites you.
You die...

≈ ≈, * *
#..#..#..P....#... ≈
#....#P.#........ ≈ ≈≈ ,
##..#............. ≈ ,,,
#..###.##......... ≈ ≈
,. #..P####.#........ ,
...* #...# ##......... ,
,....#*#P..# ###.......
P.#...##..### ##........
, ,
......D@....#*#.........
,
#P..###.......###.......
* * # *
##...>..##........ *
##.......#.......
*.P..............
#P...............
##P...P..#.......
#P......#)...... *
...........


You could see a 20-headed hydra.

Vanquished Creatures
  3 hydras
  3 catoblepae (Lair:6)
  A two-headed ogre (D:9)
  6 death yaks (Lair:6)
  Pikel (D:7)
  The ghost of Pylon the Cleaver, a novice DDFi (D:5)
  2 manticores (Lair:6)
  5 spiny frogs
  6 komodo dragons
  A rime drake (Lair:5)
  2 polar bears
  A hippogriff (Lair:6)
  Grinder (D:3)
  6 dream sheep (Lair:6)
  Sigmund (D:4)
  A spriggan (D:9)
  A wyvern (Lair:6)
  A basilisk (Lair:6)
  27 yaks
  2 water moccasins
  Duvessa (D:4)
  3 porcupines
  3 orc warriors
  2 black bears (D:8)
  A slave (D:7)
  A necrophage (D:8)
  A phantom (D:7)
  4 ogres
  2 wolves (Lair:6)
  3 centaurs
  5 crocodiles
  Blork the orc (D:6)
  2 big kobolds
  8 bullfrogs
  A gnoll sergeant (D:5)
  Dowan (D:4)
  2 scorpions
  A water moccasin skeleton (D:8)
  6 killer bees (D:8)
  6 electric eels
  3 howler monkeys
  2 crimson imps (D:6)
  A quasit (D:6)
  3 orc priests
  5 hounds
  3 jellies
  A bullfrog skeleton (D:9)
  7 orc wizards
  Natasha (D:3)
  3 iguanas
  4 worker ants
  A hound zombie (D:5)
  2 worker ant zombies
  Robin (D:3)
  16 adders
  4 gnolls (D:5)
  4 shadow imps
  2 oozes (Lair:6)
  2 adder skeletons
  3 worms
  2 dart slugs
  6 leopard geckos
  49 orcs
  2 ball pythons
  3 giant cockroaches
  18 goblins
  9 hobgoblins
  11 jackals
  4 quokkas
  11 bats
  7 frilled lizards
  A jackal skeleton (D:4)
  18 kobolds
  A quokka skeleton (D:4)
  4 rats
  A fungus (Lair:2)
  20 plants
361 creatures vanquished.

Vanquished Creatures (others)
  A komodo dragon (Lair:6)
  A blink frog (Lair:6)
  5 fungi (Lair:6)
  4 plants
11 creatures vanquished.

Grand Total: 372 creatures vanquished

Notes
Turn   | Place    | Note
-------+----------+-------------------------------------------
     0 | D:1      | Pylon the Deep Dwarf Fighter began the quest for the Orb.
     0 | D:1      | Reached XP level 1. HP: 20/20 MP: 1/1
    31 | D:1      | Reached skill level 3 in Axes
    31 | D:1      | Reached XP level 2. HP: 22/27 MP: 2/2
   702 | D:2      | Found a shadowy altar of Dithmenos.
  1169 | D:2      | Reached XP level 3. HP: 24/33 MP: 3/3
  1195 | D:3      | Reached skill level 4 in Axes
  1301 | D:3      | Reached skill level 5 in Axes
  1301 | D:3      | Reached XP level 4. HP: 28/40 MP: 4/4
  1355 | D:3      | Found a white marble altar of Elyvilon.
  1491 | D:3      | Reached XP level 5. HP: 34/46 MP: 5/5
  1600 | D:3      | Noticed Grinder
  1601 | D:3      | Noticed Robin
  1606 | D:3      | Paralysed by Grinder for 7 turns
  1622 | D:3      | Reached skill level 6 in Axes
  1633 | D:3      | Killed Robin
  1649 | D:3      | Killed Grinder
  1649 | D:3      | Reached skill level 1 in Evocations
  1649 | D:3      | Reached XP level 6. HP: 39/55 MP: 5/7
  1687 | D:3      | Reached skill level 7 in Axes
  1688 | D:3      | Noticed Natasha
  1700 | D:3      | Killed Natasha
  1888 | D:4      | Found Niog Xuwkot's Book Emporium.
  1895 | D:4      | Reached skill level 1 in Dodging
  1923 | D:4      | Found Sonkiy's Distillery.
  1925 | D:4      | Found Qiacs's Antique Weapon Shoppe.
  1927 | D:4      | Noticed Dowan
  1930 | D:4      | Noticed Duvessa
  1977 | D:4      | Killed Duvessa
  1977 | D:4      | Reached XP level 7. HP: 34/62 MP: 8/8
  2002 | D:4      | Killed Dowan
  2035 | D:4      | Found Moneq's Weapon Shoppe.
  2084 | D:4      | Noticed Sigmund
  2087 | D:4      | Found a radiant altar of Vehumet.
  2109 | D:4      | Killed Sigmund
  2109 | D:4      | Reached skill level 8 in Axes
  2221 | D:4      | Found a staircase to the Ecumenical Temple.
  2225 | D:4      | Found Nooriant's Antique Weapon Shoppe.
  2238 | Temple   | Entered the Ecumenical Temple
  2244 | Temple   | Became a worshipper of Makhleb the Destroyer
  2423 | D:4      | Found an ancient bone altar of Kikubaaqudgha.
  2464 | D:5      | Entered Level 5 of the Dungeon
  2662 | D:5      | Reached XP level 8. HP: 49/72 MP: 8/8
  2797 | D:5      | Found Zin's Purification Station.
  2814 | D:5      | Found a glowing silver altar of Zin.
  2849 | D:5      | Bought a potion of curing for 90 gold pieces
  3018 | D:5      | Noticed Pylon's ghost (novice DDFi)
  3043 | D:5      | Killed Pylon's ghost
  3043 | D:5      | Reached skill level 9 in Axes
  3043 | D:5      | Reached skill level 5 in Armour
  3043 | D:5      | Reached skill level 5 in Shields
  3089 | D:5      | Found a stormy altar of Qazlal.
  3105 | D:5      | Found a basalt altar of Yredelemnul.
  3107 | D:5      | Found a hazy altar of Hepliaklqana.
  3107 | D:5      | Found a glowing golden altar of the Shining One.
  3109 | D:5      | Found a sacrificial altar of Ru.
  3111 | D:5      | Found a blossoming altar of Fedhas.
  3282 | D:6      | Reached * piety under Makhleb
  3333 | D:6      | Gained mutation: You passively map the area around you. [Deep Dwarf growth]
  3333 | D:6      | Reached XP level 9. HP: 64/79 MP: 8/8
  3352 | D:6      | Noticed Blork the orc
  3360 | D:6      | Killed Blork the orc
  3360 | D:6      | Reached skill level 10 in Axes
  3527 | D:6      | Found Ucsuheank's Armour Boutique.
  3644 | D:6      | Found a glowing drain.
  3655 | Sewer    | Entered a sewer
  4851 | D:7      | Reached ** piety under Makhleb
  4995 | D:7      | Got a smoking war axe
  4996 | D:7      | Identified the +5 war axe of Jicism {freeze, +Rage rN+ MR-} (You found it on level 7 of the Dungeon)
  5027 | D:7      | Found the +3 warlock's mirror {reflect}
  5095 | D:7      | Reached skill level 5 in Fighting
  5206 | D:7      | Noticed Pikel
  5220 | D:7      | Killed Pikel
  5583 | D:8      | Reached skill level 11 in Axes
  5861 | D:8      | Reached XP level 10. HP: 91/91 MP: 9/9
  5904 | D:8      | Found Vikahiwe's Antique Armour Boutique.
  6086 | D:8      | Reached *** piety under Makhleb
  6433 | D:8      | Bought an aquamarine-encrusted plate armour for 560 gold pieces
  6443 | D:8      | Identified the +2 plate armour "Pasiwn Miest" {rPois rN+ MR++ Str-5} (You bought it in a shop on level 8 of the Dungeon)
  6776 | D:9      | Noticed a two-headed ogre
  6785 | D:9      | Killed a two-headed ogre
  6806 | D:9      | Reached skill level 12 in Axes
  6976 | D:9      | Found Gaclis's Armour Shop.
  6990 | D:9      | Found a shimmering altar of Xom.
  7257 | D:9      | Found a staircase to the Lair.
  7436 | Lair:1   | Entered Level 1 of the Lair of Beasts
  7491 | Lair:1   | Noticed a spiny frog
  7500 | Lair:1   | Killed a spiny frog
  7761 | Lair:1   | Noticed an eight-headed hydra
  7779 | Lair:1   | Killed a 15-headed hydra
  8190 | Lair:2   | Noticed a spiny frog
  8194 | Lair:2   | Killed a spiny frog
  8194 | Lair:2   | Reached XP level 11. HP: 50/99 MP: 10/10
  8202 | Lair:2   | Reached **** piety under Makhleb
  8257 | Lair:2   | Noticed a six-headed hydra
  8283 | Lair:3   | You fall through a shaft for 3 floors!
  8283 | Lair:6   | Entered Level 6 of the Lair of Beasts
  8301 | Lair:6   | Noticed an eight-headed hydra
  8316 | Lair:6   | Noticed a four-headed hydra
  8316 | Lair:6   | Killed a 13-headed hydra
  8316 | Lair:6   | Reached skill level 13 in Axes
  8326 | Lair:6   | Killed a nine-headed hydra
  8526 | Lair:6   | Noticed a catoblepas
  8539 | Lair:6   | Killed a catoblepas
  8539 | Lair:6   | Reached skill level 14 in Axes
  8657 | Lair:6   | Noticed a death yak
  8657 | Lair:6   | Noticed a death yak
  8658 | Lair:6   | Noticed a death yak
  8662 | Lair:6   | Noticed a death yak
  8672 | Lair:6   | Killed a death yak
  8677 | Lair:6   | Noticed a death yak
  8683 | Lair:6   | Killed a death yak
  8683 | Lair:6   | Reached XP level 12. HP: 76/110 MP: 9/9
  8684 | Lair:6   | Killed a death yak
  8687 | Lair:6   | Noticed a death yak
  8687 | Lair:6   | Killed a death yak
  8702 | Lair:6   | Killed a death yak
  8712 | Lair:6   | Killed a death yak
  8733 | Lair:6   | Noticed a catoblepas
  8750 | Lair:6   | Killed a catoblepas
  8750 | Lair:6   | Reached skill level 15 in Axes
  8803 | Lair:6   | Noticed a catoblepas
  8833 | Lair:6   | Killed a catoblepas
  8960 | Lair:6   | Got a twisted ring mail
  9177 | Lair:6   | Found a staircase to the Slime Pits.
  9196 | Lair:6   | Reached skill level 10 in Armour
  9199 | Lair:6   | Reached ***** piety under Makhleb
  9945 | Lair:5   | Noticed a five-headed hydra
  9971 | Lair:5   | HP: 5/112 [20-headed hydra (9)]
  9971 | Lair:5   | HP: 1/112 [20-headed hydra (4)]
  9971 | Lair:5   | Slain by a 20-headed hydra

Vault maps used:
D:1:      saegor_arrival_simple_a
D:2:      nicolae_dithmenos_shadow_blocks
D:3:      kennysheep_six_static_rooms, marbit_many_paths, uniq_grinder,
          uniq_natasha, uniq_robin
D:4:      kiku_gazebo_garden_becter, old_standard_altar,
          minmay_temple_entry_butterflies, serial_shops, shop,
          nicolae_shop_statue_plus, shop, shop, shop, dk_rats_in_the_wall,
          uniq_sigmund, uniq_duvessa
D:5:      minitemple, zin_purify, first_ration
D:6:      serial_shops, shop_fountains, portal_sewer_entry_d,
          lemuel_another_geyser, uniq_blork_the_orc
D:7:      uniq_pikel
D:8:      serial_shops, shop
D:9:      old_standard_altar, lair_entry_dummy, serial_shops, shop, the_bakery,
          minivault_11
Temple:   eino_wide_crystal_templ
Lair:1:   statuecave_lemuel
Lair:2:   serial_bayou_shore_a
Lair:3:   elwin_shoals_entry_rocks, eino_house_with_fridge
Lair:6:   evilmike_catoblepas_cave, nicolae_slime_entry_slimehenge,
          grunt_megastairs_5
Sewer:    sewer_co_scattered_pipes

Skill      XL: |  1  2  3  4  5  6  7  8  9 10 11 12 |
---------------+-------------------------------------+-----
Axes           | 3 5 6 7 8 9 11 12 14 15 | 15.7
Evocations     | 1 2 |  2.1
Fighting       | 3 4 5 6 7 8 |  8.7
Dodging        | 1 2 4 |  4.7
Shields        | 4 5 6 8 9 |  9.9
Armour         | 4 5 6 7 9 10 | 10.1

Action                   |  1- 3 |  4- 6 |  7- 9 | 10-12 || total
-------------------------+-------+-------+-------+-------++-------
Melee: War axe           |   105 |   158 |   677 |   478 ||  1418
       Unarmed           |       |     1 |       |       ||     1
 Abil: Heal Wounds       |       |     3 |     5 |     5 ||    13
Evoke: Wand              |       |       |       |    17 ||    17
  Use: Scroll            |       |       |     4 |    12 ||    16
       Potion            |       |       |       |     2 ||     2
 Stab: Petrifying        |       |       |       |     2 ||     2
  Eat: Chunk             |     1 |     3 |    11 |    13 ||    28
       Ration            |       |       |     1 |       ||     1
Armor: Scale mail        |    77 |    74 |   151 |    16 ||   318
       Plate armour      |       |       |       |   275 ||   275
Dodge: Dodged            |    41 |    78 |   254 |   242 ||   615
Block: Shield            |    66 |    97 |   219 |       ||   382
       Buckler           |       |       |    36 |   242 ||   278
       Reflection        |       |       |     1 |     6 ||     7

Table legend:
 A = Spawn XP
 B = Non-spawn XP
 C = Spawn XP percentage of total XP
 D = Spawn monster count
 E = Non-spawn monster count
 F = Spawn count percentage of total count
 G = Total turns spent on level
                    A         B        C        D         E        F      G
               +---------+---------+-------+---------+---------+-------+---------
         Total |       0 |   34948 |   0.0 |       0 |     339 |   0.0 |  9971
               +---------+---------+-------+---------+---------+-------+---------
           D:1 |       0 |      31 |   0.0 |       0 |      17 |   0.0 |   652
           D:2 |       0 |      11 |   0.0 |       0 |       5 |   0.0 |   542
           D:3 |       0 |     519 |   0.0 |       0 |      59 |   0.0 |   706
           D:4 |       0 |     733 |   0.0 |       0 |      14 |   0.0 |   551
           D:5 |       0 |    1187 |   0.0 |       0 |      23 |   0.0 |   726
           D:6 |       0 |     645 |   0.0 |       0 |      21 |   0.0 |   655
           D:7 |       0 |    1362 |   0.0 |       0 |      14 |   0.0 |   735
           D:8 |       0 |    1853 |   0.0 |       0 |      56 |   0.0 |  1127
           D:9 |       0 |    1810 |   0.0 |       0 |      20 |   0.0 |   790
        Lair:1 |       0 |    2391 |   0.0 |       0 |       9 |   0.0 |   716
        Lair:2 |       0 |    1191 |   0.0 |       0 |       7 |   0.0 |   111
        Lair:3 |       0 |     278 |   0.0 |       0 |       3 |   0.0 |    20
        Lair:5 |       0 |    2455 |   0.0 |       0 |      13 |   0.0 |   441
        Lair:6 |       0 |   20390 |   0.0 |       0 |      57 |   0.0 |  1247
         Sewer |       0 |      92 |   0.0 |       0 |      21 |   0.0 |   939
               +---------+---------+-------+---------+---------+-------+---------
